 Dungeon Crawl Stone Soup version 0.28-a0-472-g50180c0d78 (webtiles) character file.

Game seed: 2164048061705764918

234 Ahmedlingzor the Firebug (level 5, -4/38 HPs)
             Began as a Demigod Fire Elementalist on Sept 15, 2021.
             Slain by a gnoll (7 damage)
             ... on level 4 of the Dungeon.
             The game lasted 00:10:42 (3595 turns).

Ahmedlingzor the Firebug (DgFE)                     Turns: 3595, Time: 00:10:43

Health: -4/38      AC:  2    Str:  9    XL:     5   Next: 46%
Magic:  9/12       EV: 12    Int: 21    God:
Gold:   160        SH:  0    Dex: 14    Spells: 8/9 levels left

rFire   . . .      SeeInvis .   e - +0 club
rCold   . . .      Faith    .   (no shield)
rNeg    . . .      Spirit   .   a - +0 robe
rPois   .          Reflect  .   (no helmet)
rElec   .          Harm     .   (no cloak)
rCorr   .          Rampage  .   (no gloves)
Will    .....                   (no boots)
Stlth   ++........              (no amulet)
HPRegen 0.12/turn               (no ring)
MPRegen 0.13/turn               (no ring)

@: no status effects
A: high mp 1, forlorn
a: no special abilities


You were on level 4 of the Dungeon.
You visited 1 branch of the dungeon, and saw 4 of its levels.

You collected 160 gold pieces.

Inventory:

Hand Weapons
 e - a +0 club (weapon)
Armour
 a - a +0 robe (worn)
Scrolls
 b - a scroll of amnesia {unknown}
 g - 2 scrolls of teleportation {unknown}
 h - 3 scrolls of fear
 j - a scroll of fog {unknown}
Potions
 c - a potion of invisibility {unknown}
 d - a potion of ambrosia {unknown}
 f - a potion of heal wounds {unknown}
 k - a potion of might {unknown}


   Skills:
 + Level 0.2 Fighting
 + Level 1.0 Maces & Flails
 + Level 2.7 Dodging
 + Level 2.4 Stealth
 + Level 0.3 Unarmed Combat
 + Level 2.8 Spellcasting
 + Level 2.0 Conjurations
 + Level 3.7 Fire Magic


You had 8 spell levels left.
You knew the following spells:

 Your Spells              Type           Power      Damage    Failure   Level
a - Foxfire               Conj/Fire      60%        2x1d7     4%          1

Your spell library contained the following spells:

 Spells                   Type           Power      Damage    Failure   Level
 Scorch                   Fire           36%        2d6       4%          2
 Conjure Flame            Conj/Fire      15%        6-21      12%         3
 Inner Flame              Hex/Fire       10%        N/A       19%         3
 Call Canine Familiar     Summ           3%         N/A       38%         3
 Portal Projectile        Hex/Tloc       6%         N/A       38%         3
 Flame Wave               Conj/Fire      15%        3d5       38%         4
 Leda's Liquefaction      Hex/Erth       1%         N/A       80%         4


Dungeon Overview and Level Annotations

Branches:
Dungeon (4/15)
 Temple: D:4-7

Shops:
D:1 *


Innate Abilities, Weirdness & Mutations

Your attributes grow dramatically as you level up.
You have an increased reservoir of magic. (+10% MP)
You shall have no god before yourself.


Message History

The gnoll is severely wounded.
The gnoll hits you with a +0 club.
You closely miss the gnoll.
The gnoll is severely wounded.
The gnoll misses you.
The gnoll hits you from afar with a +0 halberd.
Your foxfire dissipates!
The gnoll hits you with a +0 club!
Casting: Foxfire (safe; 4% risk of failure)
Confirm with . or Enter, or press ? or * to list all spells.
You conjure some foxfire!
The gnoll hits you from afar with a +0 halberd!
The gnoll closely misses you.
Casting: Foxfire (safe; 4% risk of failure)
Confirm with . or Enter, or press ? or * to list all spells.
There is not enough space to conjure foxfire!
Your foxfire dissipates!
A gnoll comes into view. It is wielding a +0 flail.
Found 2 javelins.
Found a runed iron wand. 2 gnolls come into view.
Found a stone staircase leading down.
Casting: Foxfire (safe; 4% risk of failure)
Confirm with . or Enter, or press ? or * to list all spells.
You conjure some foxfire!
The gnoll barely misses you.
The gnoll hits you from afar with a +0 halberd.
* * * LOW HITPOINT WARNING * * *
Your foxfire dissipates!
The foxfire hits the gnoll.
The gnoll is lightly wounded.
The gnoll closely misses you.
You hit the gnoll.
The gnoll is moderately wounded.
The gnoll barely misses you. The gnoll hits you with a +0 halberd.
* * * LOW HITPOINT WARNING * * *
As you read the scroll labelled HIRUWI YMMUOMY, it crumbles to dust.
It is a scroll of identify.
h - 3 scrolls of fear The gnoll hits you with a +0 flail!
You die...

.#######......##.#
........†......<.#
.#######.#########
#.# #.## #.#.##
#.###.####### #.#
##..ggg.# #.
#g#####@# # #.#
#g# #$# #.......#
... #.##g##...>.
..# # #.# #... #.#
... .. #. ... ../
..g..


You could see 5 gnolls.

Vanquished Creatures
  A necrophage (D:4)
  6 adders
  2 dart slugs
  2 orcs (D:3)
  14 ball pythons
  5 bats
  8 endoplasms
  6 giant cockroaches
  2 goblins
  8 hobgoblins
  7 jackals
  7 kobolds
  2 quokkas
  A frilled lizard (D:1)
  8 rats
79 creatures vanquished.

Vanquished Creatures (others)
  191 foxfires
191 creatures vanquished.

Grand Total: 270 creatures vanquished

Notes
Turn   | Place    | Note
-------+----------+-------------------------------------------
     0 | D:1      | Ahmedlingzor the Demigod Fire Elementalist began the quest
                  | for the Orb.
     0 | D:1      | Reached XP level 1. HP: 14/14 MP: 5/5
   333 | D:1      | Reached skill level 3 in Fire Magic
   419 | D:1      | Reached XP level 2. HP: 11/20 MP: 1/7
   632 | D:1      | Found Rehycvik's Assorted Antiques.
  1206 | D:1      | Reached XP level 3. HP: 12/26 MP: 4/8
  1730 | D:2      | Reached skill level 1 in Conjurations
  1968 | D:2      | Reached XP level 4. HP: 33/33 MP: 6/10
  3509 | D:4      | Noticed a necrophage
  3519 | D:4      | Killed a necrophage
  3520 | D:4      | Reached skill level 1 in Maces & Flails
  3520 | D:4      | Reached XP level 5. HP: 38/38 MP: 5/12
  3595 | D:4      | Slain by a gnoll

Illustrated notes

Levels and vault maps discovered:
D:1:      dpeg_chamrin_arrival_tetris, layout_rooms, serial_shops, shop,
          minmay_misc_feat_enclosed
D:2:      layout_rooms, minmay_pentomino_p2
D:3:      layout_basic
D:4:      layout_loops_ring

Skill      XL: |  1  2  3  4 |
---------------+-------------+-----
Dodging        | 2 |  2.7
Fire Magic     | 3 |  3.7
Spellcasting   | 2 |  2.8
Stealth        | 2 |  2.4
Conjurations   | 1 2 |  2.0
Maces & Flails | 1 |  1.0
Fighting       | |  0.2
Unarmed Combat | |  0.3

Action                   |  1- 3 |  4- 6 || total
-------------------------+-------+-------++-------
Melee: Unarmed           |    34 |       ||    34
       Club              |    21 |    14 ||    35
 Cast: Foxfire           |    73 |    58 ||   131
  Use: Scroll            |       |     1 ||     1
 Stab: Sleeping          |     2 |       ||     2
Armor: Robe              |    32 |     2 ||    34
Dodge: Dodged            |    95 |    24 ||   119

Table legend: (Time is in decaauts)
 A = Elapsed time spent in this place.
 B = Non-inter-level travel time spent in this place.
 C = Inter-level travel time spent in this place.
 D = Time resting spent in this place.
 E = Time spent auto-exploring this place.
 F = Levels seen in this place.
 G = Mean time per level.
                   A        B        C        D        E       F      G
               +--------+--------+--------+--------+--------+-----+--------+
         Total |   3603 |   3548 |     55 |      0 |   2919 |   4 |  900.8 |
       Dungeon |   3603 |   3548 |     55 |      0 |   2919 |   4 |  900.8 |
               +--------+--------+--------+--------+--------+-----+--------+

Top non-repeatable levels by time:
     D:1: 1706 daAuts
     D:3: 947 daAuts
     D:2: 854 daAuts
     D:4: 93 daAuts
